 Dungeon Crawl Stone Soup version 0.30-a0-779-g7971cf19c3 (webtiles) character file.

Game seed: 10328050123131603211

1264 porpoise the Sneak (level 8, -4/58 HPs)
             Began as a Gnoll Enchanter on Feb 18, 2023.
             Slain by Grinder (8 damage)
             ... on level 5 of the Dungeon.
             The game lasted 00:16:38 (3885 turns).

porpoise the Sneak (Gnoll Enchanter)                Turns: 3885, Time: 00:16:38

Health: -4/58      AC:  6    Str:  7    XL:     8   Next: 52%
Magic:  9/17       EV: 14    Int: 17    God:
Gold:   218        SH:  0    Dex: 13    Spells: 9/19 levels left

rFire   . . .      SeeInvis .    a - +1 dagger (elec)
rCold   . . .      Faith    .    (no shield)
rNeg    . . .      Spirit   .    b - +0 robe
rPois   +          Reflect  .    y - +1 helmet
rElec   .          Harm     .    B - scarf {repulsion}
rCorr   .          Rampage  .    i - +0 pair of gloves
Will    +....                    k - +0 pair of boots
Stlth   +++                      (no amulet)
HPRegen 0.29/turn                e - ring of willpower
MPRegen 0.15/turn                n - ring of poison resistance

@: about to teleport, repel missiles
A: fangs 1, strong nose, distributed training
a: no special abilities


You were on level 5 of the Dungeon.
You visited 1 branch of the dungeon, and saw 5 of its levels.

You collected 218 gold pieces.

Inventory:

Hand Weapons
 a - a +1 dagger of electrocution (weapon)
 h - a +1 dagger
 w - a +3 short sword of protection
Missiles
 g - 5 poisoned darts (quivered)
 p - a throwing net
 v - 3 boomerangs
Armour
 b - a +0 robe (worn)
 i - a +0 pair of gloves (worn)
 k - a +0 pair of boots (worn)
 y - a +1 helmet (worn)
 B - a scarf of repulsion (worn)
Jewellery
 e - a ring of willpower (left hand)
 n - a ring of poison resistance (right hand)
Wands
 q - a wand of polymorph (3)
 A - a wand of charming (13)
 C - a wand of flame (18)
Scrolls
 d - a scroll of identify
 l - a scroll of teleportation
Potions
 c - 3 potions of invisibility
 j - 2 potions of might
 m - 3 potions of mutation
 s - 4 potions of heal wounds
 t - a potion of magic {unknown}
 u - 2 potions of flight {unknown}
 x - a potion of haste {unknown}
 z - a potion of curing {unknown}


   Skills:
 + Level 3.4 Fighting
 + Level 4.4 Short Blades
 + Level 3.4 Long Blades
 + Level 3.4 Axes
 + Level 3.4 Maces & Flails
 + Level 3.4 Polearms
 + Level 3.4 Staves
 + Level 3.4 Ranged Weapons
 + Level 3.4 Throwing
 + Level 3.4 Armour
 + Level 5.8 Dodging
 + Level 7.0 Stealth
 + Level 3.4 Shields
 + Level 3.4 Unarmed Combat
 + Level 6.1 Spellcasting
 + Level 2.8 Conjurations
 + Level 6.2 Hexes
 + Level 2.8 Summonings
 + Level 2.8 Necromancy
 + Level 2.8 Translocations
 + Level 2.8 Transmutations
 + Level 2.8 Fire Magic
 + Level 2.8 Ice Magic
 + Level 2.8 Air Magic
 + Level 2.8 Earth Magic
 + Level 2.8 Poison Magic
 + Level 3.8 Invocations
 + Level 3.4 Evocations


You had 9 spell levels left.
You knew the following spells:

 Your Spells              Type           Power      Damage    Failure   Level
a - Confusing Touch       Hex            26%        N/A       3%          3
d - Tukima's Dance        Hex            26%        N/A       3%          3
e - Ensorcelled Hibernat  Hex/Ice        40%        N/A       3%          2
k - Blink                 Tloc           28%        N/A       6%          2

Your spell library contained the following spells:

 Spells                   Type           Power      Damage    Failure   Level
 Lesser Beckoning         Tloc           28%        N/A       6%          2
 Momentum Strike          Conj/Tloc      28%        3d8       6%          2
 Dazzling Flash           Conj/Hex       40%        N/A       6%          3
 Ignite Poison            Fire/Tmut/Pois 14%        N/A       12%         3
 Kindle Blastsparks       Fire/Tloc/Air  28%        2d12      12%         3
 Freezing Cloud           Conj/Ice/Air   7%         6-21      73%         5


Dungeon Overview and Level Annotations

Branches:
Dungeon (5/15)
 Temple: D:4-7

Altars:
Ashenzari
Cheibriados
Gozag
Qazlal
Vehumet

Annotations:
D:5 Grinder


Innate Abilities, Weirdness & Mutations

You have very sharp teeth.
Your uncanny sense of smell can sniff out nearby items.
Your experience applies equally to all skills.


Message History

Aiming: Ensorcelled Hibernation (safe; 3% risk of failure)
Press: ? - help, Shift-Dir - straight line, f/p - centaur
Aim: a centaur, wielding a +0 shortbow (lightly wounded, chance to affect: 52%)
The centaur looks drowsy...
The hound barely misses you. The hound bites you.
Casting: Ensorcelled Hibernation (safe; 3% risk of failure)
Confirm with . or Enter, or press ? or * to list all spells.
Aiming: Ensorcelled Hibernation (safe; 3% risk of failure)
Press: ? - help, Shift-Dir - straight line, f - hound, p - centaur
Aim: a hound (chance to affect: 62%)
The hound resists with significant effort.
The hound bites you. The gnoll sergeant barely misses you.
Grinder says, "Just stop there for a second..."
Casting: Ensorcelled Hibernation (safe; 3% risk of failure)
Confirm with . or Enter, or press ? or * to list all spells.
Aiming: Ensorcelled Hibernation (safe; 3% risk of failure)
Press: ? - help, Shift-Dir - straight line, f/p - hound
Aim: a hound (chance to affect: 62%)
The hound looks drowsy...
You are too injured to fight recklessly!
You are too injured to fight recklessly!
The helpless hound fails to defend itself.
You impale the hound!!
You kill the hound!
The gnoll sergeant closely misses you.
You are too injured to fight recklessly!
You see here a hound corpse.
The helpless centaur fails to defend itself.
You skewer the centaur like a kebab!!!
You kill the centaur!
The gnoll sergeant hits you from afar with a +2 heavy spear!
* * * LOW HITPOINT WARNING * * *
Your Stealth skill increases to level 7!
As you read the scroll of teleportation, it crumbles to dust.
You feel strangely unstable. Grinder gestures at you.
Pain shoots through your body!
* * * LOW HITPOINT WARNING * * *
The gnoll sergeant barely misses you. Grinder attacks as you move away!
Grinder hits you!
You die...

#.................#....
#..#......#...##........
#...##....##..## .......
#..# #...###.## .......
.... ##.####.## .ยง.5...
... #####...####.......
##g....##........
###.5#.....5.......
#..@##............<
#..####.............
#...# #.............
##.. ##..........?# ##
#..........##
##..)......# ###....####


You could see Grinder and a gnoll sergeant.

Vanquished Creatures
  Pikel (D:4)
  Sigmund (D:4)
  Menkaure (D:4)
  2 centaurs (D:5)
  A scorpion (D:5)
  3 hounds
  Natasha (D:4)
  An iguana (D:4)
  Robin (D:4)
  4 gnolls (D:2)
  3 adders
  2 worms (D:2)
  2 dart slugs
  4 orcs (D:3)
  5 ball pythons
  9 endoplasms
  5 giant cockroaches
  13 goblins
  2 hobgoblins (D:4)
  5 jackals
  4 kobolds
  A quokka (D:2)
  5 bats
  4 frilled lizards
  5 rats
85 creatures vanquished.

Notes
Turn   | Place    | Note
-------+----------+-------------------------------------------
     0 | D:1      | porpoise the Gnoll Enchanter began the quest for the Orb.
     0 | D:1      | Reached XP level 1. HP: 13/13 MP: 6/6
   110 | D:1      | Reached XP level 2. HP: 14/19 MP: 7/7
   234 | D:1      | Learned a level 2 spell: Ensorcelled Hibernation
   675 | D:2      | Found a faded altar of an unknown god.
   749 | D:2      | Reached skill level 5 in Spellcasting
   749 | D:2      | Reached XP level 3. HP: 25/25 MP: 1/9
   842 | D:2      | Reached skill level 6 in Stealth
   910 | D:2      | Reached skill level 1 in Invocations
  1281 | D:2      | Learned a level 3 spell: Confusing Touch
  1285 | D:2      | Learned a level 3 spell: Tukima's Dance
  1317 | D:2      | Reached skill level 1 in Fighting
  1317 | D:2      | Reached skill level 1 in Long Blades
  1317 | D:2      | Reached skill level 1 in Axes
  1317 | D:2      | Reached skill level 1 in Maces & Flails
  1317 | D:2      | Reached skill level 1 in Polearms
  1317 | D:2      | Reached skill level 1 in Staves
  1317 | D:2      | Reached skill level 1 in Ranged Weapons
  1317 | D:2      | Reached skill level 1 in Throwing
  1317 | D:2      | Reached skill level 1 in Armour
  1317 | D:2      | Reached skill level 1 in Shields
  1317 | D:2      | Reached skill level 1 in Unarmed Combat
  1317 | D:2      | Reached skill level 1 in Evocations
  1325 | D:2      | Reached XP level 4. HP: 32/32 MP: 8/11
  1383 | D:2      | Reached skill level 1 in Conjurations
  1383 | D:2      | Reached skill level 1 in Summonings
  1383 | D:2      | Reached skill level 1 in Necromancy
  1383 | D:2      | Reached skill level 1 in Translocations
  1383 | D:2      | Reached skill level 1 in Transmutations
  1383 | D:2      | Reached skill level 1 in Fire Magic
  1383 | D:2      | Reached skill level 1 in Ice Magic
  1383 | D:2      | Reached skill level 1 in Air Magic
  1383 | D:2      | Reached skill level 1 in Earth Magic
  1383 | D:2      | Reached skill level 1 in Poison Magic
  1680 | D:3      | Found a snail-covered altar of Cheibriados.
  2421 | D:4      | Found a radiant altar of Vehumet.
  2431 | D:4      | Reached XP level 5. HP: 37/37 MP: 9/12
  2467 | D:4      | Noticed Sigmund
  2473 | D:4      | Killed Sigmund
  2474 | D:4      | Reached skill level 5 in Dodging
  2474 | D:4      | Reached XP level 6. HP: 44/44 MP: 11/14
  2592 | D:4      | Noticed Menkaure
  2603 | D:4      | Killed Menkaure
  2604 | D:4      | Reached XP level 7. HP: 31/51 MP: 11/15
  2702 | D:4      | Noticed Robin
  2745 | D:4      | Killed Robin
  2944 | D:4      | Learned a level 2 spell: Blink
  3044 | D:4      | Found an opulent altar of Gozag.
  3164 | D:4      | Noticed Natasha
  3170 | D:4      | Killed Natasha
  3379 | D:4      | Noticed Pikel
  3389 | D:4      | Killed Pikel
  3390 | D:4      | Reached XP level 8. HP: 29/58 MP: 6/17
  3653 | D:5      | Entered Level 5 of the Dungeon
  3746 | D:5      | Found a broken altar of Ashenzari.
  3753 | D:5      | Found a stormy altar of Qazlal.
  3862 | D:5      | Noticed Grinder
  3884 | D:5      | Reached skill level 7 in Stealth
  3885 | D:5      | Slain by Grinder

Illustrated notes

Levels and vault maps discovered:
D:1:      scummos_arrival_star, layout_rooms
D:2:      layout_rooms, hellmonk_ecumenical_altar_heavens_door
D:3:      cheibrodos_old_hovel, layout_basic, cheibriados_altar_1,
          supply_closet_lemuel, nicolae_elevator_lobby_asterisk
D:4:      layout_loops_ring, old_standard_altar, mainiacjoe_overflow_paths,
          uniq_pikel, uniq_robin, uniq_natasha, uniq_sigmund, uniq_menkaure
D:5:      layout_cave_pods, mainiacjoe_overflow_catwalk_spiral,
          nzn_wu_jian_contemplation, portal_sewer_entry_b, serial_gnoll_camp,
          gnoll_camp_mini_doghouse, gnoll_camp_mini_sergeant,
          gnoll_camp_mini_hut, gnoll_camp_mini_shop, uniq_crazy_yiuf_cottage,
          uniq_grinder

Skill      XL: |  1  2  3  4  5  6  7  8 |
---------------+-------------------------+-----
Spellcasting   | 5 6 |  6.1
Stealth        | 6 7 |  7.0
Invocations    | 1 2 3 |  3.8
Fighting       | 1 2 3 |  3.4
Long Blades    | 1 2 3 |  3.4
Axes           | 1 2 3 |  3.4
Maces & Flails | 1 2 3 |  3.4
Polearms       | 1 2 3 |  3.4
Staves         | 1 2 3 |  3.4
Ranged Weapons | 1 2 3 |  3.4
Throwing       | 1 2 3 |  3.4
Armour         | 1 2 3 |  3.4
Shields        | 1 2 3 |  3.4
Unarmed Combat | 1 2 3 |  3.4
Evocations     | 1 2 3 |  3.4
Conjurations   | 1 2 |  2.8
Summonings     | 1 2 |  2.8
Necromancy     | 1 2 |  2.8
Translocations | 1 2 |  2.8
Transmutations | 1 2 |  2.8
Fire Magic     | 1 2 |  2.8
Ice Magic      | 1 2 |  2.8
Air Magic      | 1 2 |  2.8
Earth Magic    | 1 2 |  2.8
Poison Magic   | 1 2 |  2.8
Short Blades   | 3 4 |  4.4
Dodging        | 5 |  5.8
Hexes          | 6 |  6.2

Action                     |  1- 3 |  4- 6 |  7- 9 || total
---------------------------+-------+-------+-------++-------
  Melee: Dagger            |    70 |    33 |    64 ||   167
         Bite              |     6 |     2 |     2 ||    10
         Punch             |       |       |     2 ||     2
  Throw: Dart              |       |     7 |     4 ||    11
   Cast: Ensorcelled Hiber |    17 |    14 |    20 ||    51
         Confusing Touch   |       |     1 |       ||     1
    Use: Scroll            |       |     3 |     6 ||     9
   Stab: Sleeping          |    24 |    12 |    17 ||    53
         Distracted        |     1 |     1 |       ||     2
         Confused          |       |     1 |       ||     1
 Armour: Robe              |     9 |     6 |    12 ||    27
  Dodge: Dodged            |    33 |    14 |    45 ||    92
         Repelled          |       |       |     2 ||     2

Table legend: (Time is in decaauts)
 A = Elapsed time spent in this place.
 B = Non-inter-level travel time spent in this place.
 C = Inter-level travel time spent in this place.
 D = Time resting spent in this place.
 E = Time spent auto-exploring this place.
 F = Levels seen in this place.
 G = Mean time per level.
                   A        B        C        D        E       F      G
               +--------+--------+--------+--------+--------+-----+--------+
         Total |   3858 |   3753 |    105 |    893 |   1986 |   5 |  771.6 |
       Dungeon |   3858 |   3753 |    105 |    893 |   1986 |   5 |  771.6 |
               +--------+--------+--------+--------+--------+-----+--------+

Top non-repeatable levels by time:
     D:4: 1228 daAuts
     D:3: 906 daAuts
     D:2: 845 daAuts
     D:1: 649 daAuts
     D:5: 228 daAuts
